 Dungeon Crawl Stone Soup version 0.30-a0-696-g2367cd04db (webtiles) character file.

Game seed: 5928914575505759117

361 wormed the Caller (level 6, 0/41 HPs)
             Began as a Demonspawn Summoner on Jan 20, 2023.
             Slain by an orc
             ... wielding a +0 flail
              (8 damage)
             ... on level 5 of the Dungeon.
             The game lasted 00:07:47 (5016 turns).

wormed the Caller (Demonspawn Summoner)             Turns: 5016, Time: 00:07:47

Health: 0/41       AC:  4    Str:  8    XL:     6   Next: 38%
Magic:  5/11       EV: 12    Int: 19    God:
Gold:   247        SH:  0    Dex: 13    Spells: 2/12 levels left

rFire   + . .      SeeInvis .    u - staff of cold
rCold   + . .      Faith    .    (no shield)
rNeg    . . .      Spirit   .    a - +0 robe
rPois   .          Reflect  .    (no helmet)
rElec   .          Harm     .    (no cloak)
rCorr   .          Rampage  .    (no gloves)
Will    .....                    (no boots)
Stlth   ++                       (no amulet)
HPRegen 0.26/turn                k - ring of protection from fire
MPRegen 0.12/turn                h - ring of wizardry

@: mighty
A: yellow scales 1, powered by death 2
a: no special abilities


You were on level 5 of the Dungeon.
You visited 1 branch of the dungeon, and saw 5 of its levels.

You collected 247 gold pieces.

Inventory:

Missiles
 i - a throwing net
Armour
 a - a +0 robe (worn)
Magical Staves
 u - a staff of cold (weapon)
Jewellery
 h - a ring of wizardry (right hand)
 k - a ring of protection from fire (left hand)
 t - a +6 ring of dexterity
Wands
 l - a wand of paralysis (9)
Scrolls
 b - 2 scrolls of poison
 f - a scroll of fog
 r - 2 scrolls of identify
Potions
 c - a potion of magic
 d - 2 potions of resistance
 j - a potion of lignification {unknown}
 m - a potion of haste {unknown}
 n - a potion of heal wounds {unknown}
 o - a potion of cancellation {unknown}
 p - a potion of flight {unknown}
 q - a potion of attraction {unknown}
 s - a potion of ambrosia {unknown}


   Skills:
 - Level 1.7 Dodging
 - Level 1.7 Stealth
 + Level 3.9 Spellcasting
 + Level 3.5 Hexes
 + Level 5.5 Summonings
 + Level 0.3 Air Magic


You had 2 spell levels left.
You knew the following spells:

 Your Spells              Type           Power      Damage    Failure   Level
a - Call Canine Familiar  Summ           24%        N/A       1%          3
b - Summon Guardian Gole  Hex/Summ       20%        N/A       2%          3
c - Summon Lightning Spi  Summ/Air       14%        N/A       16%         4

Your spell library contained the following spells:

 Spells                   Type           Power      Damage    Failure   Level
 Summon Small Mammal      Summ           96%        N/A       1%          1
 Call Imp                 Summ           24%        N/A       1%          2
 Apportation              Tloc           6%         N/A       6%          1
 Necrotise                Necr           12%        1d4       6%          1
 Static Discharge         Conj/Air       8%         2-3/arc   9%          2
 Vampiric Draining        Necr           3%         2d6       16%         3
 Vhi's Electric Charge    Tloc/Air       8%         N/A       16%         3
 Arcjolt                  Conj/Air       2%         1d12      78%         5
 Lightning Bolt           Conj/Air       2%         1d13      78%         5
 Agony                    Necr           3%         N/A       80%         5
 Alistair's Intoxication  Tmut/Pois      2%         N/A       80%         5


Dungeon Overview and Level Annotations

Branches:
Dungeon (5/15)
 Temple: D:4-7

Altars:
Ashenzari
Cheibriados
Qazlal
Sif Muna
Uskayaw
Wu Jian
Xom

Shops:
D:1 =

Annotations:
D:5 1 runed translucent door, Newt's ghost, amateur DsGl


Innate Abilities, Weirdness & Mutations

You are partially covered in yellow scales. (AC +2)
You regenerate health from kills.


Message History

Casting: Summon Lightning Spire (quite dangerous; 16% risk of failure)
Confirm with . or Enter, or press ? or * to list all spells.
The ufetubus hits you. The ufetubus closely misses you.
The orc hits you with a +0 flail!
* * * LOW HITPOINT WARNING * * *
The orc closely misses you. The ufetubus closely misses you.
The ufetubus barely misses you.
You feel better.
The ufetubus hits you but does no damage.
The ufetubus barely misses you.
Your hound bites the orc.
An orc comes into view. It is wielding a +0 flail.
The orc hits you with a +0 flail.
* * * LOW HITPOINT WARNING * * *
The orc completely misses you.
You feel better. The ufetubus barely misses you.
The ufetubus hits you but does no damage.
Your hound bites the orc.
The orc dies!
The orc hits you with a +0 flail.
The orc priest looks satisfied for a moment.
The orc closely misses your hound. The ufetubus hits you. x2
You feel better. The ufetubus closely misses you. The ufetubus misses you.
The orc priest hits your hound but does no damage.
Your hound bites the orc priest.
The orc hits you but does no damage.
You swap places.
The ufetubus barely misses your hound. The ufetubus hits your hound.
Your hound completely misses the ufetubus.
The orc hits you with a +0 flail!
* * * LOW HITPOINT WARNING * * *
The orc hits you with a +0 flail.
* * * LOW HITPOINT WARNING * * *
The orc priest barely misses you. The ufetubus hits your hound. x2
Your hound misses the ufetubus.
Things that are here:
a +0 mace; a +0 whip You closely miss the orc priest.
The orc priest is lightly wounded.
The ufetubus misses your hound. The ufetubus barely misses your hound.
Your hound bites the ufetubus.
The orc hits you with a +0 flail!
You die...

#. #.# #. #)
#..##.####. #.#
.......##.. # #.# .
#..##..##.. #.####[#
#. #..##....9.
.....## .##..#.9###..
.......## ##....#.##
#.. #9##o###.##..#.#
#..
#.5h@o#......#.####..
#.###o.####<.o.......
#.# #......o##.####.#
#.# ######..#...###.#
..# #...............
#.. ...###..#...###.#
#.# # #..##.## #.#
c.. .......# #.. .##
###..#### ###


You could see an orc priest, 2 orcs, an ufetubus (ally target), a friendly
guardian golem (summoned) and a friendly hound (summoned, sheltered).

Vanquished Creatures
  An orc priest (D:5)
  A bat (D:2)
2 creatures vanquished.

Vanquished Creatures (collateral kills)
  A hound (D:3)
  An orc priest (D:4)
  A jelly (D:4)
  A gnoll (D:1)
  An adder (D:4)
  3 dart slugs
  8 orcs
  3 ball pythons
  6 endoplasms
  3 giant cockroaches
  5 goblins
  7 hobgoblins
  3 jackals (D:1)
  2 quokkas
  3 bats
  4 frilled lizards
  7 kobolds
  4 rats
63 creatures vanquished.

Vanquished Creatures (others)
  A black bear (D:4)
  A jelly (D:4)
  An orc wizard (D:4)
  A worm (D:3)
4 creatures vanquished.

Grand Total: 69 creatures vanquished

Notes
Turn   | Place    | Note
-------+----------+-------------------------------------------
     0 | D:1      | wormed the Demonspawn Summoner began the quest for the Orb.
     0 | D:1      | Reached XP level 1. HP: 13/13 MP: 3/3
    34 | D:1      | Found Kiyliakh's Jewellery Shop.
   219 | D:1      | Gained mutation: You are partially covered in yellow
                  | scales. (AC +2) [demonic ancestry]
   219 | D:1      | Reached XP level 2. HP: 14/19 MP: 1/5
   297 | D:1      | Reached skill level 1 in Hexes
   709 | D:1      | Found a faded altar of an unknown god.
   814 | D:1      | Reached XP level 3. HP: 23/24 MP: 4/6
   818 | D:1      | Learned a level 3 spell: Call Canine Familiar
  2288 | D:3      | Reached XP level 4. HP: 30/30 MP: 1/8
  2299 | D:3      | Learned a level 3 spell: Summon Guardian Golem
  3593 | D:4      | Gained mutation: You regenerate a little health from kills.
                  | [demonic ancestry]
  3593 | D:4      | Reached XP level 5. HP: 16/35 MP: 4/9
  3842 | D:4      | Found a broken altar of Ashenzari.
  3842 | D:4      | Found a snail-covered altar of Cheibriados.
  3847 | D:4      | Found a hide-covered altar of Uskayaw.
  3850 | D:4      | Found a stormy altar of Qazlal.
  3850 | D:4      | Found a shimmering blue altar of Sif Muna.
  3851 | D:4      | Found a shimmering altar of Xom.
  3885 | D:4      | Found an ornate altar of the Wu Jian Council.
  3927 | D:4      | Reached skill level 5 in Summonings
  4186 | D:4      | Noticed a black bear
  4218 | D:4      | Killed a black bear
  4219 | D:4      | Gained mutation: You regenerate health from kills. [demonic
                  | ancestry]
  4219 | D:4      | Reached XP level 6. HP: 41/41 MP: 4/11
  4806 | D:5      | Entered Level 5 of the Dungeon
  4819 | D:5      | Learned a level 4 spell: Summon Lightning Spire
  4855 | D:5      | Found a runed translucent door.
  4855 | D:5      | Noticed Newt's ghost (amateur DsGl)
  5016 | D:5      | Slain by an orc

Illustrated notes

Levels and vault maps discovered:
D:1:      minmay_arrival_diagonal_passages, layout_basic, serial_shops,
          nicolae_square_shop, shapermc_ecumenical_altar_flowoftime
D:2:      layout_basic, kennysheep_generic_room_9
D:3:      layout_loops_corners, minmay_increasing_density
D:4:      layout_basic, nicolae_overflow_hallway_of_the_gods, serial_glass,
          glass_columns_a, glass_columns_b, glass_columns_b, glass_columns_b,
          glass_columns_c
D:5:      layout_loops_ring, mainiacjoe_overflow_six_doors_small,
          mainiacjoe_overflow_concentric_impassable, ebering_ghost_inner_flame,
          serial_shops, shop

Skill      XL: |  1  2  3  4  5 |
---------------+----------------+-----
Hexes          | 1 2 3 |  3.5
Spellcasting   | 3 |  3.9
Summonings     | 5 |  5.5
Dodging        | |  1.7
Stealth        | |  1.7
Air Magic      | |  0.3

Action                   |  1- 3 |  4- 6 || total
-------------------------+-------+-------++-------
Melee: Unarmed           |    34 |    13 ||    47
       Punch             |     1 |     1 ||     2
       Staff             |       |    11 ||    11
 Cast: Summon Small Mamm |    35 |     4 ||    39
       Call Canine Famil |    11 |    22 ||    33
       Summon Guardian G |       |     8 ||     8
  Use: Potion            |     1 |     4 ||     5
       Scroll            |     8 |     1 ||     9
Armor: Robe              |    24 |    25 ||    49
Dodge: Dodged            |    74 |    72 ||   146

Table legend: (Time is in decaauts)
 A = Elapsed time spent in this place.
 B = Non-inter-level travel time spent in this place.
 C = Inter-level travel time spent in this place.
 D = Time resting spent in this place.
 E = Time spent auto-exploring this place.
 F = Levels seen in this place.
 G = Mean time per level.
                   A        B        C        D        E       F      G
               +--------+--------+--------+--------+--------+-----+--------+
         Total |   5019 |   4812 |    207 |    100 |   3791 |   5 | 1003.8 |
       Dungeon |   5019 |   4812 |    207 |    100 |   3791 |   5 | 1003.8 |
               +--------+--------+--------+--------+--------+-----+--------+

Top non-repeatable levels by time:
     D:3: 1357 daAuts
     D:4: 1337 daAuts
     D:1: 1163 daAuts
     D:2: 1046 daAuts
     D:5: 114 daAuts
